 Dungeon Crawl Stone Soup version 0.30-a0-568-g124715a40b (webtiles) character file.

Game seed: 6347308471207235093

305536 Jase the Impregnable (level 22, 0/169 (183) HPs)
             Began as a Formicid Fighter on Dec 27, 2022.
             Was the Champion of Wu Jian.
             Slain by a doom hound (1 damage)
             ... led by Grunn
             ... on level 3 of the Depths on Dec 28, 2022.
             The game lasted 02:53:33 (35169 turns).

Jase the Impregnable (Formicid Fighter)            Turns: 35169, Time: 02:53:34

HP:   0/169 (183)   AC: 46    Str: 26    XL:     22   Next: 6%
MP:   0/22          EV:  6    Int: 10    God:    Wu Jian [******]
Gold: 3897          SH: 16    Dex: 17    Spells: 21/21 levels left

rFire   . . .      SeeInvis +    a - +9 battleaxe (freeze)
rCold   + . .      Faith    .    i - +2 kite shield {reflect}
rNeg    . . .      Spirit   +    e - +8 crystal plate armour of Ushruom {rPois rC+ Regen+}
rPois   +          Reflect  +    (helmet unavailable)
rElec   .          Harm     .    Z - +2 cloak {Will+}
rCorr   .          Rampage  .    U - +2 pair of gloves
Will    +++..                    G - +0 pair of boots Stlth
                                 I - amulet of guardian spirit
HPRegen 1.28/turn                k - +4 ring of slaying
MPRegen 0.18/turn                h - ring of flight

@: lethally poisoned (0 -> 0), flying, drained
A: permanent stasis, dig shafts and tunnels, antennae 3, four strong arms
}: 2/15 runes: serpentine, barnacled
a: Dig, Shaft Self, Renounce Religion, Wall Jump, Serpent's Lash, Heavenly Storm


You were on level 3 of the Depths.
You worshipped Wu Jian.
Wu Jian was exalted by your worship.
You visited 8 branches of the dungeon, and saw 36 of its levels.
You also visited: Sewer and Ossuary.

You collected 4092 gold pieces.
You spent 195 gold pieces at shops.

Inventory:

Hand Weapons
 a - a +9 battleaxe of freezing (weapon)
 b - a +0 war axe of flaming
 c - a +1 halberd of flaming
Missiles
 B - 6 throwing nets
 D - 17 javelins
 K - 10 silver javelins
 N - 10 boomerangs of dispersal
 T - 4 atropa-tipped darts
 V - 22 boomerangs
 W - 3 datura-tipped darts
 X - 3 curare-tipped darts
Armour
 e - the +8 crystal plate armour of Ushruom (worn) {rPois rC+ Regen+}
   (You acquired it on level 3 of the Dungeon)

   rC:        It protects you from cold.
   rPois:     It protects you from poison.
   Regen:     It increases your rate of health regeneration.
 i - a +2 kite shield of reflection (worn)
 G - a +0 pair of boots (worn)
 U - a +2 pair of gloves (worn)
 Z - a +2 cloak of willpower (worn)
Jewellery
 h - a ring of flight (right hand)
 k - a +4 ring of slaying (left hand)
 I - an amulet of guardian spirit (around neck)
 R - a ring of protection from cold
Wands
 g - a wand of roots (13)
 l - a wand of flame (54)
 m - a wand of mindburst (7)
 y - a wand of polymorph (16)
 C - a wand of charming (12)
 E - a wand of digging (3)
 J - a wand of quicksilver (27)
Scrolls
 j - 7 scrolls of fear
 n - 5 scrolls of fog
 q - 5 scrolls of magic mapping
 t - 4 scrolls of enchant weapon
 u - a scroll of summoning
 v - 4 scrolls of silence
 A - 7 scrolls of enchant armour
 F - 7 scrolls of poison
 L - 3 scrolls of brand weapon
Potions
 d - 3 potions of might
 f - 15 potions of curing
 o - 4 potions of mutation
 p - 12 potions of attraction
 w - 4 potions of magic
 x - 2 potions of invisibility
 z - 12 potions of heal wounds
 H - 2 potions of cancellation
 O - 3 potions of ambrosia
 P - 4 potions of resistance
Miscellaneous
 r - a box of beasts (inert)
 s - a phial of floods (inert)
 M - a phantom mirror
 Q - a tin of tremorstones (2/2)


   Skills:
 + Level 17.8 Fighting
 - Level 20.0 Axes
 + Level 22.5 Armour
 - Level 15.0 Shields
 + Level 17.1 Evocations


You had 21 spell levels left.
You didn't know any spells.
Your spell library contained the following spells:

 Spells                   Type           Power      Damage    Failure   Level
 Apportation              Tloc           0%         N/A       99%         1
 Foxfire                  Conj/Fire      0%         2x1d4     99%         1
 Magic Dart               Conj           0%         1d3       99%         1
 Necrotise                Necr           0%         1d4       99%         1
 Summon Small Mammal      Summ           0%         N/A       99%         1
 Searing Ray              Conj           0%         2d4       100%        2
 Dazzling Flash           Conj/Hex       0%         N/A       100%        3
 Ignite Poison            Fire/Tmut/Pois 0%         N/A       100%        3
 Inner Flame              Hex/Fire       0%         N/A       100%        3
 Kindle Blastsparks       Fire/Tloc/Air  0%         2d10      100%        3
 Ozocubu's Armour         Ice            0%         N/A       100%        3
 Vhi's Electric Charge    Tloc/Air       0%         N/A       100%        3
 Cause Fear               Hex            0%         N/A       100%        4
 Fulminant Prism          Conj/Hex       0%         3d5       100%        4
 Leda's Liquefaction      Hex/Erth       0%         N/A       100%        4
 Manifold Assault         Tloc           0%         N/A       100%        4
 Agony                    Necr           0%         N/A       100%        5
 Arcjolt                  Conj/Air       0%         1d10      100%        5
 Blade Hands              Tmut           0%         N/A       100%        5
 Fireball                 Conj/Fire      0%         3d3       100%        5
 Freezing Cloud           Conj/Ice/Air   0%         6-21      100%        5
 Irradiate                Conj/Tmut      0%         3d11      100%        5
 Lee's Rapid Deconstruct  Erth           0%         3d4*      100%        5
 Metabolic Englaciation   Hex/Ice        0%         N/A       100%        5
 Silence                  Hex/Air        0%         N/A       100%        5
 Simulacrum               Ice/Necr       0%         N/A       100%        6
 Starburst                Conj/Fire      0%         6d3       100%        6
 Statue Form              Tmut/Erth      0%         N/A       100%        6
 Dragon Form              Tmut           0%         N/A       100%        7
 Ozocubu's Refrigeration  Ice            0%         4d7       100%        7
 Storm Form               Tmut/Air       0%         N/A       100%        7
 Borgnjor's Revivificati  Necr           0%         N/A       100%        8
 Discord                  Hex            0%         N/A       100%        8
 Maxwell's Capacitive Co  Air            0%         ∞         100%        8
 Necromutation            Tmut/Necr      0%         N/A       100%        8
 Death's Door             Necr           0%         N/A       100%        9
 Dragon's Call            Summ           0%         N/A       100%        9
 Polar Vortex             Ice            0%         N/A       100%        9
 Blink                    Tloc           Unusable   N/A       N/A         2

Dungeon Overview and Level Annotations

Branches:
Dungeon (15/15)            Temple (1/1) D:4            Lair (5/5) D:10
 Shoals (4/4) Lair:3        Snake (4/4) Lair:2        Slime (0/5) Lair:4
    Orc (2/2) D:10            Elf (0/3) Orc:2        Vaults (1/5) D:13
 Depths (4/4) D:15          Sewer (visited)         Ossuary (visited)
    Zot: Depths:4

Altars:
Ashenzari
Cheibriados
Dithmenos
Elyvilon
Fedhas
Gozag
Hepliaklqana
Kikubaaqudgha
Makhleb
Nemelex Xobeh
Okawaru
Qazlal
Ru
Sif Muna
Trog
Uskayaw
Vehumet
Wu Jian
Xom
Yredelemnul
Zin
The Shining One
Jiyva
Lugonu

Shops:
D:4 :   D:15 ?   Orc:2 ?(:=   Snake:2 :[(   Snake:3 =::=   Snake:4 =

Portals:
Hell: Depths:1 Depths:2 Depths:3
Abyss: Lair:5 Depths:1 Depths:3
Pandemonium: Depths:2
Ziggurat: Depths:2

Annotations:
D:3 5 exclusions
D:5 1 exclusion
D:12 8 runed translucent doors
D:13 3 runed translucent doors
Shoals:2 1 runed translucent door, Heluore's ghost, adept DsGl
Shoals:3 2 transporters, Mil Mal Serr's ghost, adept MiFi
Snake:1 1 runed translucent door, Newt's ghost, journeyman DsGl


Innate Abilities, Weirdness & Mutations

You cannot be hasted, slowed, berserked, paralysed or teleported.
You can dig through walls and to a lower floor.
You have a pair of large antennae on your head. (SInv)
Your four strong arms can wield two-handed weapons with a shield.


Message History

You repeatedly attack the Tzitzimitl from above.
You slash the Tzitzimitl!
The Tzitzimitl is heavily wounded.
You barely miss the Tzitzimitl.
The Tzitzimitl is heavily wounded.
You closely miss the Tzitzimitl.
The Tzitzimitl is heavily wounded.
You feel very sick. The doom hound completely misses you.
The doom hound claws you but does no damage.
Your mature stingfire beast completely misses the Tzitzimitl.
The reaper hits you but does no damage.
The Tzitzimitl calls on the powers of darkness!
Your body is wracked with pain!
Your mature stingfire beast convulses!
The doom hound bites you but does no damage.
The doom hound claws you but does no damage.
Your mature stingfire beast misses the Tzitzimitl.
The reaper hits you with a +2 scythe of freezing!!
* * * LOW HITPOINT WARNING * * *
The reaper freezes you.
* * * LOW HITPOINT WARNING * * *
The Tzitzimitl engulfs you but does no damage.
You block the Tzitzimitl's attack. The doom hound bites you!
* * * LOW HITPOINT WARNING * * *
The doom hound claws you but does no damage.
You see here a potion of brilliance.
Unknown command.
You feel much better.
You feel less exhausted.
You feel sick.
Your mature stingfire beast stings the Tzitzimitl from afar!
The Tzitzimitl gestures at you. The bolt of negative energy hits you!!!
You feel drained.
* * * LOW HITPOINT WARNING * * *
The reaper hits you with a +2 scythe of freezing!
* * * LOW HITPOINT WARNING * * *
The doom hound bites you but does no damage.
The doom hound claws you.
You die...

#..#..###+##.....#C...#
#†.##..#....!....'....#
#...#..#...##..##..##.#
##..#..#...#.....)..#.#
)#..#..#..............#
.#..#.................#
.#..#'.....#........#.#
.#..##.....#...°°°.}#.#
.#..##..........@>....#
.#..##.........2h1...##
##[.# .....#...).).H##
#...# .....##..##..##
#..## ......#.######+##
#..# ####+##.###.....#
..## #......^..#.....#
..# ...#.###.#.#.....#
.## #.# #.#.'.....#


You could see a doom hound, a Tzitzimitl (ally target), a reaper and a friendly
mature stingfire beast (summoned, catching breath).

Vanquished Creatures
  Mennas (Depths:3)
  A juggernaut (Depths:3)
  Bai Suzhen (Shoals:4)
  Vashnia (Snake:3)
  A golden dragon (Depths:3)
  2 doom hounds (Depths:3)
  Mlioglotl (Shoals:4)
  Grunn (Depths:3)
  Asterion (Snake:3)
  4 tentacled monstrosities (Depths:3)
  2 quicksilver dragons (Snake:4)
  A titan (Depths:3)
  A sphinx (Depths:3)
  Gastronok (D:9)
  2 krakens (Shoals:3)
  Agnes (Snake:3)
  3 tengu reavers
  6 fire giants
  2 nagarajas
  A vault warden (Vaults:1)
  5 frost giants
  A balrug (Depths:2)
  An orc warlord (Orc:1)
  Louise (Shoals:1)
  Aizul (Snake:2)
  4 ironbound preservers (Vaults:1)
  14 very ugly things
  5 stone giants
  A deep elf demonologist (Depths:1)
  A putrid mouth (Depths:3)
  2 dire elephants
  6 spark wasps (Depths:3)
  5 ettins
  6 merfolk javelineers
  2 yaktaur captains (Vaults:1)
  10 merfolk impalers
  A great orb of eyes (D:15)
  7 fire dragons
  A vault guard (Vaults:1)
  An entropy weaver (shapeshifter) (Lair:5)
  Harold (Lair:2)
  2 rakshasas
  A salamander tyrant (Snake:4)
  3 ogre magi
  6 ice dragons
  10 boulder beetles
  2 spriggan air magi
  9 anacondas
  5 hydras
  2 alligator snapping turtles
  An ironbound frostheart (Vaults:1)
  6 centaur warriors
  2 merfolk avatars
  8 two-headed ogres
  4 merfolk aquamancers
  7 tengu warriors
  A satyr (Shoals:4)
  9 deep troll shamans
  13 deep troll earth magi
  3 thrashing horrors (Lair:5)
  13 naga warriors
  7 shock serpents
  2 spriggan berserkers
  11 naga sharpshooters
  8 hell knights
  A salamander mystic (Snake:4)
  16 iron trolls
  5 skeletal warriors (D:12)
  Lodul (D:11)
  A glowing orange brain (Depths:3)
  15 sea snakes
  A flayed ghost (Depths:3)
  24 deep trolls
  4 wizards
  5 ironbound convokers (Vaults:1)
  7 lindwurms
  An orc knight (Vaults:1)
  6 necromancers
  7 naga ritualists
  7 harpies
  3 deep elf pyromancers
  23 ugly things
  3 oklob plants
  3 cyclopes
  11 mana vipers
  8 salamanders
  19 manticores
  9 orc sorcerers
  3 elephants (Lair:5)
  14 merfolk sirens
  A vault sentinel (Vaults:1)
  12 naga magi
  A rust devil (Depths:2)
  15 fauns
  6 guardian serpents
  7 water nymphs
  2 smoke demons (Lair:5)
  36 black mambas
  Maggie (D:6)
  26 cane toads
  An unseen horror (D:12)
  3 rime drakes
  9 yaktaurs (Vaults:1)
  8 komodo dragons
  An ice devil (Depths:2)
  3 tengu conjurers
  3 ancient zymes (Lair:5)
  23 merfolk
  4 hornets
  9 trolls
  A wind drake (shapeshifter) (D:15)
  2 polar bears (Lair:2)
  A tarantella (shapeshifter) (Depths:3)
  37 blink frogs
  10 wind drakes
  A dream sheep (shapeshifter) (D:12)
  22 slime creatures
  9 snapping turtles
  4 spriggans
  4 dream sheep (Lair:3)
  5 shadows
  14 water elementals
  10 small abominations (Lair:5)
  4 wraiths
  11 basilisks
  25 yaks
  4 wyverns
  13 vampire mosquitoes
  A neqoxec (Depths:2)
  A steam dragon (D:9)
  3 chaos spawn
  A warg (Orc:1)
  2 large abominations (Lair:5)
  5 acid dragons
  29 nagas
  10 water moccasins
  A water moccasin (shapeshifter) (Lair:5)
  A floating eye (Depths:2)
  A swamp drake (D:10)
  2 sky beasts
  3 ice beasts
  6 black bears
  16 orc warriors
  17 wolves
  10 ogres
  2 phantoms
  3 centaurs
  17 bullfrogs
  An elf zombie (Ossuary)
  6 kobold brigands
  2 gnoll sergeants
  A scorpion (D:5)
  9 wights
  6 killer bees (D:10)
  4 howler monkeys
  6 electric eels
  A human zombie (Ossuary)
  2 centaur zombies (Ossuary)
  16 orc priests
  A gnoll bouda (D:6)
  3 jellies
  3 hounds
  2 iguanas
  Natasha (thrice) (D:2)
  39 orc wizards
  2 mummies (Ossuary)
  11 gnolls
  11 adders
  3 river rats (Sewer)
  2 white imps (D:4)
  3 ufetubi (D:4)
  3 adder zombies (Ossuary)
  3 worms
  8 dart slugs
  78 orcs
  5 endoplasms
  3 giant cockroaches
  4 goblins
  7 hobgoblins
  9 jackals
  23 kobolds
  7 quokkas
  5 ball pythons
  5 bats
  4 frilled lizards
  2 goblin zombies (Ossuary)
  8 hobgoblin zombies (Ossuary)
  2 jackal zombies (Ossuary)
  6 kobold zombies (Ossuary)
  12 orc zombies (Ossuary)
  25 rats
  7 tentacles (Shoals:3)
1284 creatures vanquished.

Vanquished Creatures (collateral kills)
  A reaper (Depths:3)
1 creature vanquished.

Vanquished Creatures (others)
  A manticore (Shoals:4)
  A snapping turtle (Shoals:1)
  A blink frog (Lair:5)
  A human (D:6)
  An orc (Orc:2)
  3 bushes (Lair:5)
  39 fungi
  72 plants
  17 tentacles (Shoals:3)
136 creatures vanquished.

Grand Total: 1421 creatures vanquished

Notes
Turn   | Place    | Note
-------+----------+-------------------------------------------
     0 | D:1      | Jase the Formicid Fighter began the quest for the Orb.
     0 | D:1      | Reached XP level 1. HP: 18/18 MP: 1/1
   179 | D:1      | Reached XP level 2. HP: 24/24 MP: 2/2
   350 | D:1      | Reached XP level 3. HP: 27/29 MP: 3/3
   910 | D:2      | Noticed Natasha
   914 | D:2      | Killed Natasha
   915 | D:2      | Reached XP level 4. HP: 32/35 MP: 4/4
   983 | D:2      | Noticed Natasha
   987 | D:2      | Killed Natasha
   988 | D:2      | Reached skill level 5 in Shields
  1302 | D:2      | Noticed Natasha
  1316 | D:2      | Reached XP level 5. HP: 32/41 MP: 5/5
  1319 | D:2      | Killed Natasha
  1527 | D:3      | Identified a scroll of acquirement
  1527 | D:3      | Acquired the +8 crystal plate armour of Ushruom {rPois rC+
                  | Regen+}
  1577 | D:3      | Reached XP level 6. HP: 45/47 MP: 6/6
  1723 | D:3      | Found a bloodstained altar of Trog.
  1802 | D:3      | Reached skill level 5 in Axes
  2177 | D:3      | Found a glowing drain.
  2187 | Sewer    | Entered a sewer
  2263 | Sewer    | Reached skill level 4 in Armour
  2466 | Sewer    | Reached XP level 7. HP: 43/52 MP: 7/7
  3122 | D:4      | Reached XP level 8. HP: 58/58 MP: 8/8
  3152 | D:4      | Found a staircase to the Ecumenical Temple.
  3164 | Temple   | Entered the Ecumenical Temple
  3298 | Temple   | Became a worshipper of the Wu Jian Council
  3533 | D:4      | Found Kubakef's Book Emporium.
  3705 | D:4      | Found a broken altar of Ashenzari.
  3838 | D:5      | Entered Level 5 of the Dungeon
  3846 | D:5      | Reached skill level 5 in Armour
  3958 | D:5      | Reached * piety under Wu Jian
  4029 | D:5      | Found a sand-covered staircase.
  4038 | Ossuary  | Entered an ossuary
  4182 | Ossuary  | Reached skill level 6 in Armour
  4186 | Ossuary  | Reached ** piety under Wu Jian
  4335 | Ossuary  | Reached XP level 9. HP: 63/64 MP: 9/9
  4898 | D:6      | Noticed Maggie
  5027 | D:6      | Killed Maggie
  5028 | D:6      | Reached skill level 7 in Armour
  5183 | D:6      | Found an ancient bone altar of Kikubaaqudgha.
  5347 | D:6      | Reached skill level 10 in Axes
  5467 | D:6      | Reached *** piety under Wu Jian
  5614 | D:6      | Reached skill level 8 in Armour
  6082 | D:7      | Found a snail-covered altar of Cheibriados.
  6102 | D:7      | Found an iron altar of Okawaru.
  6108 | D:7      | Found a sparkling altar of Nemelex Xobeh.
  6109 | D:7      | Found a shimmering altar of Xom.
  6109 | D:7      | Found an opulent altar of Gozag.
  6111 | D:7      | Found a shimmering blue altar of Sif Muna.
  6112 | D:7      | Found a burning altar of Makhleb.
  6113 | D:7      | Found a hazy altar of Hepliaklqana.
  6262 | D:7      | Reached XP level 10. HP: 70/70 MP: 10/10
  6836 | D:8      | Reached skill level 9 in Armour
  7821 | D:9      | Noticed a two-headed ogre
  7826 | D:9      | Killed a two-headed ogre
  8165 | D:9      | Found a blossoming altar of Fedhas.
  8179 | D:9      | Noticed a two-headed ogre
  8190 | D:9      | Killed a two-headed ogre
  8191 | D:9      | Reached skill level 10 in Armour
  8191 | D:9      | Reached XP level 11. HP: 65/75 MP: 11/11
  8240 | D:9      | Noticed a two-headed ogre
  8249 | D:9      | Killed a two-headed ogre
  8298 | D:9      | Noticed Gastronok
  8323 | D:9      | Killed Gastronok
  8991 | D:10     | Entered Level 10 of the Dungeon
  9103 | D:10     | Reached **** piety under Wu Jian
  9288 | D:10     | Noticed a two-headed ogre
  9299 | D:10     | Killed a two-headed ogre
  9300 | D:10     | Reached skill level 11 in Armour
  9498 | D:10     | Found a staircase to the Orcish Mines.
  9780 | D:10     | Noticed a two-headed ogre
  9783 | D:10     | Found a staircase to the Lair.
  9798 | D:10     | Killed a two-headed ogre
  9799 | D:10     | Reached XP level 12. HP: 38/81 MP: 10/12
 10173 | D:10     | Found a glowing golden altar of the Shining One.
 10276 | Lair:1   | Entered Level 1 of the Lair of Beasts
 10417 | Lair:1   | Reached skill level 15 in Axes
 10643 | Lair:1   | Reached skill level 12 in Armour
 11310 | Lair:2   | Noticed an eight-headed hydra
 11319 | Lair:2   | Killed a four-headed hydra
 11412 | Lair:2   | Found a staircase to the Snake Pit.
 11437 | Lair:2   | Reached ***** piety under Wu Jian
 11881 | Lair:2   | Noticed Harold
 11893 | Lair:2   | Killed Harold
 11939 | Lair:2   | Reached XP level 13. HP: 86/86 MP: 13/13
 12557 | Lair:3   | Reached skill level 13 in Armour
 13319 | Lair:3   | Found a staircase to the Shoals.
 13691 | Lair:3   | Reached skill level 14 in Armour
 13842 | Lair:4   | Found a staircase to the Slime Pits.
 13842 | Lair:4   | Found a viscous altar of Jiyva.
 14202 | Lair:4   | Reached XP level 14. HP: 70/93 MP: 14/14
 14483 | Lair:4   | Identified the +3 ring mail "Ytruhudo" {Dex+2 Stlth+}
 14858 | Orc:1    | Entered Level 1 of the Orcish Mines
 15145 | Orc:1    | Noticed an orc warlord
 15162 | Orc:1    | Killed an orc warlord
 15583 | D:11     | You fall into a shaft and drop 1 floor!
 15611 | D:12     | Found a large runed translucent door.
 15619 | D:12     | Noticed a war gargoyle
 15620 | D:12     | Found a large runed translucent door.
 15623 | D:12     | Found a large runed translucent door.
 15624 | D:12     | Found a large runed translucent door.
 15626 | D:12     | Found a large runed translucent door.
 15626 | D:12     | Found a large runed translucent door.
 15785 | D:11     | Noticed Lodul
 15791 | D:11     | Killed Lodul
 15798 | D:11     | Reached skill level 15 in Armour
 16576 | D:12     | Found a large runed translucent door.
 16577 | D:12     | Found a large runed translucent door.
 16926 | D:12     | Found a burning altar of Makhleb.
 17366 | D:12     | Noticed an azure jelly
 17373 | D:12     | a catoblepas changed into an emperor scorpion
 17373 | D:12     | Noticed an emperor scorpion (glowing shapeshifter)
 17374 | D:12     | an emperor scorpion changed into a dire elephant
 17374 | D:12     | Noticed a dire elephant (glowing shapeshifter)
 17375 | D:12     | a dire elephant changed into a minotaur
 17375 | D:12     | Noticed a minotaur (glowing shapeshifter)
 17376 | D:12     | a minotaur changed into an emperor scorpion
 17376 | D:12     | Noticed an emperor scorpion (glowing shapeshifter)
 17395 | D:13     | Found a runed translucent gate.
 17395 | D:13     | Found a runed translucent gate.
 17395 | D:13     | Found a runed translucent gate.
 17664 | D:13     | Reached XP level 15. HP: 101/101 MP: 15/15
 17845 | D:13     | Found a gate to the Vaults.
 17976 | D:13     | Reached skill level 5 in Fighting
 18567 | Lair:5   | Entered Level 5 of the Lair of Beasts
 18589 | Lair:5   | Reached skill level 1 in Evocations
 18623 | Lair:5   | Reached ****** piety under Wu Jian
 18678 | Lair:5   | Reached skill level 16 in Armour
 19108 | Lair:5   | Found a corrupted altar of Lugonu.
 19108 | Lair:5   | Found a one-way gate to the infinite horrors of the Abyss.
 19250 | Lair:5   | Reached skill level 5 in Evocations
 19793 | Lair:5   | Reached XP level 16. HP: 116/116 MP: 16/16
 20014 | Orc:2    | Entered Level 2 of the Orcish Mines
 20024 | Orc:2    | Found a staircase to the Elven Halls.
 20384 | Orc:2    | Found Qexoex's Magic Scroll Shop.
 20391 | Orc:2    | Found Zisi's Jewellery Boutique.
 20431 | Orc:2    | Bought a scroll of identify for 30 gold pieces
 20431 | Orc:2    | Bought a scroll of identify for 30 gold pieces
 20450 | Orc:2    | Found a radiant altar of Vehumet.
 20489 | Orc:2    | Found an ancient bone altar of Kikubaaqudgha.
 20531 | Orc:2    | Found Uxareev's Antique Weapon Boutique.
 20544 | Orc:2    | Found Ohoc's Book Shop.
 20761 | D:14     | Found a hazy altar of Hepliaklqana.
 21115 | D:15     | Entered Level 15 of the Dungeon
 21129 | D:15     | Reached skill level 10 in Shields
 21255 | D:15     | Found a shadowy altar of Dithmenos.
 21369 | D:15     | Reached skill level 17 in Armour
 21700 | D:15     | Found a staircase to the Depths.
 21787 | D:15     | Found Ladghosu's Magic Scroll Boutique.
 21790 | D:15     | Bought a scroll of enchant weapon for 135 gold pieces
 21997 | Snake:1  | Entered Level 1 of the Snake Pit
 22498 | Snake:1  | Reached skill level 10 in Fighting
 22544 | Snake:1  | Found a runed translucent door.
 22546 | Snake:1  | Found a shimmering altar of Xom.
 22546 | Snake:1  | Noticed Newt's ghost (journeyman DsGl)
 22547 | Snake:1  | Identified the +8 lajatang of the Cursing Coward {chaos,
                  | rPois}
 22570 | Snake:1  | Reached XP level 17. HP: 93/128 MP: 14/17
 23161 | Snake:2  | Noticed Aizul
 23167 | Snake:2  | Killed Aizul
 23318 | Snake:2  | Found Pigawnousm's Antique Armour Shoppe.
 23318 | Snake:2  | Found Hyzazoe's Book Emporium.
 23490 | Snake:2  | Found Jona's Firing Range.
 23565 | Snake:3  | Noticed Asterion
 23582 | Snake:3  | Killed Asterion
 23583 | Snake:3  | Reached skill level 18 in Armour
 23665 | Snake:3  | Noticed Agnes
 23669 | Snake:3  | Killed Agnes
 23729 | Snake:3  | Noticed Vashnia
 23755 | Snake:3  | Killed Vashnia
 23819 | Snake:3  | Found Iddoof's Jewellery Shop.
 24315 | Snake:3  | Found Cyrcholui's Book Emporium.
 24316 | Snake:3  | Found Itausopaol's Jewellery Shop.
 24317 | Snake:3  | Found Vetuteis's Book Emporium.
 24574 | Shoals:1 | Entered Level 1 of the Shoals
 24587 | Shoals:1 | Reached skill level 10 in Evocations
 24928 | Shoals:1 | Noticed Louise
 24950 | Shoals:1 | Killed Louise
 25030 | Shoals:1 | You are sucked into a shaft and drop 1 floor!
 25070 | Shoals:1 | Reached XP level 18. HP: 140/140 MP: 18/18
 25763 | Shoals:2 | Found a runed translucent door.
 25766 | Shoals:2 | Found a shimmering altar of Xom.
 25766 | Shoals:2 | Noticed Heluore's ghost (adept DsGl)
 26330 | Shoals:3 | Identified the +8 halberd of the Shore {heavy, rElec Str+4}
 26415 | Shoals:3 | Noticed a kraken
 26417 | Shoals:3 | Noticed a kraken
 26436 | Shoals:3 | Reached skill level 19 in Armour
 26447 | Shoals:3 | Killed a kraken
 26448 | Shoals:3 | Killed a kraken
 26979 | Shoals:3 | Identified the ring "Ucamesk" {rElec Str+5 Dex+6}
 26980 | Shoals:3 | Noticed a kraken
 26987 | Shoals:3 | Found a transporter.
 26989 | Shoals:3 | Found a transporter.
 26989 | Shoals:3 | Noticed Mil Mal Serr's ghost (adept MiFi)
 27337 | Snake:3  | Upgraded the game from 0.30-a0-557-ge2afbf3030 to
                  | 0.30-a0-568-g124715a40b
 27351 | Snake:4  | Entered Level 4 of the Snake Pit
 28000 | Snake:4  | Found Ymeyssy's Jewellery Emporium.
 28431 | Snake:4  | Reached XP level 19. HP: 111/149 MP: 13/19
 28540 | Snake:4  | Reached skill level 15 in Shields
 28708 | Snake:4  | Got a serpentine rune of Zot
 28956 | Shoals:4 | Entered Level 4 of the Shoals
 29046 | Shoals:4 | Got a barnacled rune of Zot
 29216 | Shoals:4 | Noticed Mlioglotl
 29221 | Shoals:4 | Noticed Bai Suzhen
 29229 | Shoals:4 | Killed Bai Suzhen
 29271 | Shoals:4 | Killed Mlioglotl
 29314 | Shoals:4 | Reached skill level 20 in Armour
 29561 | Shoals:4 | Identified the +1 troll leather armour "Mais Zatz" {Rampage
                  | Regen+ rCorr Str+4 Dex-5}
 30191 | Depths:1 | Entered Level 1 of the Depths
 30264 | Depths:1 | Noticed an Ice Fiend
 30695 | Depths:1 | Reached XP level 20. HP: 134/161 MP: 14/20
 30925 | Depths:1 | Reached skill level 15 in Fighting
 31068 | Depths:1 | Found a gateway to Hell.
 31530 | Depths:1 | Reached skill level 21 in Armour
 31658 | Depths:2 | Reached skill level 15 in Evocations
 31877 | Depths:2 | Found a one-way gateway to a ziggurat.
 32092 | Depths:2 | Found a one-way gate leading to the halls of Pandemonium.
 32200 | Depths:3 | Found a corrupted altar of Lugonu.
 32321 | Depths:3 | Noticed a tentacled monstrosity
 32343 | Depths:3 | Killed a tentacled monstrosity
 32380 | Depths:3 | Reached XP level 21. HP: 90/172 MP: 10/21
 32967 | Depths:3 | Noticed a juggernaut
 32969 | Depths:3 | Killed a juggernaut
 33435 | Depths:3 | Noticed Mennas
 33464 | Depths:3 | Killed Mennas
 33641 | Depths:3 | Noticed a golden dragon
 33657 | Depths:3 | Killed a golden dragon
 33658 | Depths:3 | Reached skill level 22 in Armour
 33845 | Depths:3 | Noticed Grunn
 33845 | Depths:3 | Noticed a doom hound
 33845 | Depths:3 | Noticed a doom hound
 33845 | Depths:3 | Noticed a doom hound
 33847 | Depths:3 | Killed a doom hound
 33850 | Depths:3 | Noticed a Tzitzimitl
 33851 | Depths:3 | Killed a doom hound
 33855 | Depths:3 | HP: 3/143 [Tzitzimitl/bolt of negative energy[a doom hound]
                  | (10)]
 34107 | Vaults:1 | Entered Level 1 of the Vaults
 34980 | Vaults:1 | Reached XP level 22. HP: 182/183 MP: 22/22
 35150 | Depths:3 | You are sucked into a shaft and drop 1 floor!
 35150 | Depths:4 | Entered Level 4 of the Depths
 35163 | Depths:3 | Killed Grunn
 35169 | Depths:3 | HP: 1/169 [reaper/+2 scythe of freezing[a doom hound] (9)]
 35169 | Depths:3 | Slain by a doom hound

Illustrated notes

Levels and vault maps discovered:
D:1:      minmay_arrival_widening_spiral_wide, layout_rooms, minivault_23
D:2:      layout_basic, uniq_natasha
D:3:      layout_loops_ring, marbit_many_paths, cheibrodos_sewer_entry_bend
D:4:      kennysheep_slugbush, layout_rooms, lemuel_round_altar,
          minmay_temple_entry_gardened_gates, serial_shops,
          kennysheep_mini_moat, serial_demonic, serial_demonic_c,
          serial_demonic_c, serial_demonic_g, serial_demonic_a,
          minmay_hedge_maze, minivault_1
D:5:      minmay_skewed_foursquare, layout_rooms, nicolae_ossuary_entry_ruins
D:6:      kb_forest_paths, layout_basic, tgw_kikubaaqudgha, uniq_maggie
D:7:      layout_basic, minitemple
D:8:      layout_layer_cave, kennysheep_generic_room_11
D:9:      layout_stronghold, fedhas_ov_isle_minmay, uniq_gastronok
D:10:     layout_gridville, mainiacjoe_overflow_catwalk,
          due_lair_maze_entry_diamond, erik_orc_1, st_stairs_13
D:11:     layout_basic, minivault_10, uniq_lodul
D:12:     minmay_five_octagons, layout_loops_ring, kennysheep_small_circle
D:13:     layout_roguey, david_vaults_2,
          ploomutoo_gammafunk_ghost_potion_laboratory
D:14:     layout_cross, nzn_hepliaklqana_mist_gate
D:15:     hangedman_depths_entry_try_elsewhere_first, layout_gridville,
          serial_shops, nicolae_shop_behind_doors, chequers_garden,
          nicolae_dithmenos_shadow_blocks
Temple:   nicolae_temple_bog_church
Lair:1:   layout_regular_city
Lair:2:   layout_regular_city, guppyfry_snake_entry_island, disabler_island,
          grunt_megastairs_5, uniq_harold
Lair:3:   layout_cave_pods, minmay_shoals_entry_beasts, minmay_lindwurm_lava
Lair:4:   layout_hall_layers, slime_entry_1, beast_lair_carwin_1,
          infiniplex_staircase_pool_2
Lair:5:   hellmonk_lair_end_abyssal_woods, layout_loops_ring, wad_woods_06,
          chequers_serial_rivers_micro_a, st_stairs_6
Shoals:1: layout_shoals, st_sunken_huts, uniq_louise
Shoals:2: layout_shoals, ebering_ghost_xom
Shoals:3: layout_shoals, ebering_ghost_davey_jones,
          nicolae_shoals_this_corrosion
Shoals:4: shoals_end_grunt_ice, layout_shoals, kb_tengu_band, uniq_mlioglotl,
          uniq_bai_suzhen
Snake:1:  layout_misc_corridors, ebering_ghost_xom
Snake:2:  layout_rooms, nicolae_shop_firing_range, grunt_megastairs_4,
          minmay_shoptagon, uniq_aizul
Snake:3:  layout_honeycomb, serial_shops, shop_coins, minmay_shop_grove,
          uniq_asterion, uniq_vashnia, uniq_agnes
Snake:4:  hellmonk_snake_rune_quicksilver_temple, layout_layer_cave,
          serial_shops, nicolae_shop_stone, nicolae_snake_snake_lake, drop_trap,
          nicolae_snake_coiling_death, serial_bayou_shore_a
Orc:1:    layout_caves, mines3_lemuel
Orc:2:    kennysheep_orc_mage_school, layout_diamond_mine
Vaults:1: nicolae_vaults_network_square, vaults_room_corners,
          nicolae_vaults_windows_and_doors_thing, grunt_vaults_funnel,
          vaults_mumra_hex, vaults_dpeg_hooks, v_misc_26,
          nicolae_vaults_bisected_slash, nicolae_vaults_diagonal_hallway_8,
          layout_vaults_omnigrid
Depths:1: layout_cave_shapes, minmay_misc_feat_diagonals,
          pf_hell_entry_great_geh, nicolae_abyss_entry_one_way_or_another,
          kennysheep_generic_room_12
Depths:2: lemuel_troll_bridge, layout_cave_pools, enter_ziggurat_d,
          nicolae_water_bricks, rand_demon_pan_entry_7, hell_entry
Depths:3: grunt_deathspiral_large, layout_gridlike, kennysheep_flooded_box,
          abyss_entry_flame_altar, hell_entry, st_stairs_5, uniq_mennas,
          uniq_grunn
Depths:4: evilmike_zot_entry_round, layout_cave_shapes, hellmouth_1,
          grunt_decor_resistance, abyss_entry_crystal, kennysheep_kite_vault

Skill      XL: |  1  2  3  4  5  6  7  8  9 10 11 12 13 14 15 16 17 18 19 20 21 |
---------------+----------------------------------------------------------------+-----
Axes           | 3 4 5 6 8 10 12 14 16 18 19 20 | 20.0
Shields        | 5 6 7 8 9 11 13 14 15 | 15.0
Armour         | 4 6 8 10 11 12 14 15 16 17 18 19 20 21 22 | 22.5
Fighting       | 4 7 10 11 13 14 16 17 | 17.8
Evocations     | 5 8 10 12 13 15 17 | 17.1

Action                   |  1- 3 |  4- 6 |  7- 9 | 10-12 | 13-15 | 16-18 | 19-21 | 22-24 || total
-------------------------+-------+-------+-------+-------+-------+-------+-------+-------++-------
Melee: War axe           |    87 |   166 |   485 |   717 |   275 |       |       |       ||  1730
       Battleaxe         |       |       |     4 |       |   686 |   913 |  1083 |    41 ||  2727
       Halberd           |       |       |       |     8 |    18 |     4 |       |       ||    30
Invok: Lunge             |       |       |    15 |    56 |    86 |   142 |   122 |     4 ||   425
       Whirlwind         |       |       |     4 |    98 |   115 |    49 |   181 |     4 ||   451
       Serpent's Lash    |       |       |       |     3 |     1 |     5 |     7 |     1 ||    17
       Heavenly Storm    |       |       |       |       |     1 |       |     3 |       ||     4
 Abil: Dig               |       |     3 |       |       |       |     2 |     1 |       ||     6
       Wall Jump         |       |       |     3 |    39 |    50 |    11 |    18 |     1 ||   122
Evoke: Phial of floods   |       |       |       |       |       |       |     1 |       ||     1
       Box of beasts     |       |       |       |       |       |       |       |     1 ||     1
  Use: Scroll            |       |     2 |    13 |     8 |    17 |     6 |     3 |       ||    49
       Potion            |       |       |       |       |       |       |     5 |     1 ||     6
Armor: Scale mail        |    35 |       |       |       |       |       |       |       ||    35
       Chain mail        |     3 |    11 |       |       |       |       |       |       ||    14
       Crystal plate arm |       |   130 |   376 |   451 |   497 |   394 |   523 |    19 ||  2390
Dodge: Dodged            |    42 |    40 |    85 |   107 |   128 |   117 |   198 |     6 ||   723
Block: Buckler           |    25 |    41 |   114 |   127 |   131 |    28 |       |       ||   466
       Kite shield       |       |       |       |       |       |   349 |   565 |    18 ||   932
       Reflection        |       |       |       |       |       |    55 |    27 |       ||    82

Table legend: (Time is in decaauts)
 A = Elapsed time spent in this place.
 B = Non-inter-level travel time spent in this place.
 C = Inter-level travel time spent in this place.
 D = Time resting spent in this place.
 E = Time spent auto-exploring this place.
 F = Levels seen in this place.
 G = Mean time per level.
                   A        B        C        D        E       F      G
               +--------+--------+--------+--------+--------+-----+--------+
         Total |  34961 |  31753 |   3208 |   3205 |  19049 |  38 |  920.0 |
       Dungeon |  13978 |  12658 |   1320 |    749 |   8877 |  15 |  931.9 |
        Temple |    146 |    134 |     12 |      0 |    119 |   1 |  146.0 |
          Lair |   6309 |   5507 |    802 |    871 |   3240 |   5 | 1261.8 |
        Shoals |   3654 |   3389 |    265 |    386 |   2041 |   4 |  913.5 |
     Snake Pit |   3997 |   3652 |    345 |    580 |   2153 |   4 |  999.2 |
  Orcish Mines |   1263 |   1165 |     98 |      3 |    838 |   2 |  631.5 |
        Vaults |    919 |    879 |     40 |     38 |    562 |   1 |  919.0 |
        Depths |   3777 |   3453 |    324 |    567 |   1072 |   4 |  944.2 |
         Sewer |    595 |    595 |      0 |      4 |    145 |   1 |  595.0 |
       Ossuary |    318 |    318 |      0 |      6 |      2 |   1 |  318.0 |
               +--------+--------+--------+--------+--------+-----+--------+

Top non-repeatable levels by time:
Depths:3: 1685 daAuts
    D:10: 1514 daAuts
  Lair:3: 1463 daAuts
  Lair:2: 1460 daAuts
 Snake:4: 1360 daAuts
  Lair:1: 1226 daAuts
  Lair:5: 1214 daAuts
     D:8: 1211 daAuts
     D:9: 1164 daAuts
Depths:2: 1073 daAuts
 Snake:1: 1056 daAuts
Depths:1: 1012 daAuts
    D:12: 997 daAuts
Shoals:1: 984 daAuts
     D:2: 979 daAuts
